 Dungeon Crawl Stone Soup version 0.25-a0-857-g60a0bcd (webtiles) character file.

Game seed: 2148100122881503193, levelgen mode: deterministic

979 smeego the Sneak (level 8, -1/55 HPs)
             Began as an Octopode Fighter on Apr 27, 2020.
             Was a Follower of Dithmenos.
             Slain by a centaur (4 damage)
             ... on level 5 of the Dungeon.
             The game lasted 00:05:44 (4377 turns).

smeego the Sneak (Octopode Fighter)                 Turns: 4377, Time: 00:05:45

Health: -1/55      AC:  2    Str: 15    XL:     8   Next: 17%
Magic:  10/10      EV: 11    Int: 17    God:    Dithmenos [*.....]
Gold:   173        SH:  8    Dex:  6    Spells: 7/7 levels left

rFire    . . .     SeeInvis .   a - +1 trident
rCold    . . .     Gourm    .   b - +0 kite shield
rNeg     . . .     Faith    .   (helmet restricted)
rPois    .         Spirit   .   (no amulet)
rElec    +         Reflect  .   e - -5 ring of dexterity (curse)
rCorr    .         Harm     .   l - +4 ring of intelligence
MR       .....     Rnd*Rage +   m - ring of flight
Stlth    ++++......             (no ring)
HPRegen  0.18/turn              (no ring)
MPRegen  0.12/turn              (no ring)
                                (no ring)
                                (no ring)

@: very slightly contaminated, hasted, wreathed by umbra, invisible, very quick
A: almost no armour, stealthy swim, amphibious, 8 rings, constrict 8, tentacle
spike 1, rugged brown scales 1, camouflage 1, berserk 1, electricity resistance,
gelatinous body 1
a: Renounce Religion, Evoke Flight


You were on level 5 of the Dungeon.
You worshipped Dithmenos.
Dithmenos was aware of your devotion.
You were not hungry.

You visited 1 branch of the dungeon, and saw 5 of its levels.

You collected 173 gold pieces.

Inventory:

Hand Weapons
 a - a +1 trident (weapon)
 q - a +1 short sword of venom
Armour
 b - a +0 kite shield (worn)
Jewellery
 e - a cursed -5 ring of dexterity (left tentacle)
 l - a +4 ring of intelligence (right tentacle)
 m - a ring of flight (on tentacle)
Wands
 u - a wand of digging (5)
Scrolls
 g - a scroll of immolation {unknown}
 i - a scroll of teleportation
 j - 4 scrolls of identify {unknown}
 n - a scroll of enchant armour {unknown}
 o - a scroll of enchant weapon
 p - 3 scrolls of remove curse {unknown}
 r - a scroll of amnesia {unknown}
 w - a scroll of magic mapping {unknown}
Potions
 c - a potion of might
 f - a potion of curing {unknown}
 h - a potion of cancellation {unknown}
 k - a potion of heal wounds {unknown}
 v - a potion of lignification {unknown}
 x - a potion of haste
Miscellaneous
 t - a tin of tremorstones
Comestibles
 d - 8 rations


   Skills:
 + Level 4.5 Fighting
 + Level 3.9 Polearms
 + Level 4.5 Dodging
 + Level 5.0 Stealth
 + Level 4.6 Shields
 + Level 3.2 Unarmed Combat
 + Level 3.1 Invocations


You had 7 spell levels left.
You didn't know any spells.
Your spell library was empty.

Dungeon Overview and Level Annotations

Branches:
Dungeon (5/15)
 Temple: D:4-7

Altars:
Ashenzari
Cheibriados
Dithmenos
Kikubaaqudgha
Okawaru
Ru
Sif Muna
Uskayaw
Xom


Innate Abilities, Weirdness & Mutations

You cannot wear most types of armour.
You are very stealthy in the water. (Stealth+)
You are amphibious.
You can wear up to eight rings at the same time.
You can use your tentacles to constrict eight enemies at once.
Your skin changes colour to match your surroundings (Stealth+).
Your rubbery body absorbs attacks. (AC +1, EV +1)
One of your tentacles bears a spike.
You are partially covered in rugged brown scales. (AC +1, +3% HP)
You tend to lose your temper in combat.
You are resistant to electric shocks. (rElec)


Message History

The centaur closely misses you.
You completely miss the centaur.
The centaur is lightly wounded.
You block the centaur's attack. The centaur hits you!
Unknown command.
You hit the centaur.
You pierce the centaur.
The centaur is moderately wounded.
The centaur hits you.
* * * LOW HITPOINT WARNING * * *
The centaur hits you!
* * * LOW HITPOINT WARNING * * *
You fade into invisibility!
The centaur hits you.
* * * LOW HITPOINT WARNING * * *
The centaur misses you.
You are very lightly contaminated with residual magic.
Okay, then.
You see here an arrow.
It was a potion of haste.
You feel yourself speed up. The centaur hits you.
You die...

#.##..#.##.#
#.###.#.#.# #.#
#....# #.#
#.#.####..# #.#
#....$...# #.#
###<###.## #.#
#(# #.# #.# #.#
#@# #c#
#?..So.........
#######......s.
###......
.###.. )# . #


You could see a centaur.

Vanquished Creatures
  Grinder (D:3)
  A sky beast (D:5)
  An ogre (D:4)
  A phantom (D:4)
  A centaur (D:3)
  A howler monkey (D:4)
  An orc wizard (D:3)
  3 iguanas (D:4)
  3 bullfrog skeletons
  A worker ant (D:4)
  5 adders
  4 gnolls (D:2)
  4 oozes
  An adder zombie (D:4)
  2 worms
  2 leopard geckos (D:4)
  8 orcs
  4 giant cockroaches
  13 goblins
  5 hobgoblins
  9 jackals
  7 kobolds
  2 ball pythons (D:2)
  5 bats
  7 frilled lizards
  2 leopard gecko skeletons
  A quokka skeleton (D:5)
  6 rats
101 creatures vanquished.

Notes
Turn   | Place    | Note
-------+----------+-------------------------------------------
     0 | D:1      | smeego the Octopode Fighter began the quest for the Orb.
     0 | D:1      | Reached XP level 1. HP: 16/16 MP: 1/1
    88 | D:1      | Reached skill level 1 in Stealth
    88 | D:1      | Reached XP level 2. HP: 13/21 MP: 2/2
   149 | D:2      | Reached XP level 3. HP: 20/26 MP: 3/3
   159 | D:2      | Reached skill level 1 in Unarmed Combat
   162 | D:2      | Reached XP level 4. HP: 3/31 MP: 4/4
   614 | D:3      | Found a shadowy altar of Dithmenos.
   614 | D:3      | Found an ancient bone altar of Kikubaaqudgha.
   615 | D:3      | Found a snail-covered altar of Cheibriados.
   624 | D:3      | Found an iron altar of Okawaru.
   624 | D:3      | Found a shimmering blue altar of Sif Muna.
   625 | D:3      | Found a sacrificial altar of Ru.
   629 | D:3      | Became a worshipper of Dithmenos the Shadowed
   645 | D:3      | Reached skill level 2 in Stealth
   664 | D:3      | Gained mutation: One of your tentacles bears a spike.
                  | [potion of mutation]
   664 | D:3      | Gained mutation: You are resistant to electric shocks.
                  | (rElec) [potion of mutation]
   664 | D:3      | Gained mutation: You tend to lose your temper in combat.
                  | [potion of mutation]
   664 | D:3      | Gained mutation: You are partially covered in rugged brown
                  | scales. (AC +1, +3% HP) [potion of mutation]
  1420 | D:2      | Found a shattered altar of Ashenzari.
  1430 | D:2      | Reached XP level 5. HP: 33/37 MP: 5/5
  1738 | D:2      | Reached * piety under Dithmenos
  1742 | D:2      | Found a shimmering altar of Xom.
  1911 | D:2      | Reached skill level 1 in Invocations
  2035 | D:3      | Noticed a centaur
  2041 | D:3      | Killed a centaur
  2041 | D:3      | Reached skill level 3 in Stealth
  2041 | D:3      | Reached XP level 6. HP: 37/44 MP: 5/7
  2817 | D:3      | Noticed Grinder
  2818 | D:3      | Found a hide-covered altar of Uskayaw.
  2837 | D:3      | Killed Grinder
  2837 | D:3      | Reached XP level 7. HP: 46/49 MP: 8/8
  3242 | D:4      | Reached skill level 4 in Stealth
  3256 | D:4      | Found a shadowy altar of Dithmenos.
  4155 | D:4      | Reached XP level 8. HP: 35/55 MP: 10/10
  4331 | D:5      | Entered Level 5 of the Dungeon
  4356 | D:5      | Reached skill level 5 in Stealth
  4375 | D:5      | HP: 2/55 [centaur (1)]
  4377 | D:5      | Slain by a centaur

Levels and vault maps discovered:
D:1:      roderic_crop_circles_arrival_small, layout_basic, serial_rivers,
          chequers_serial_rivers_micro_e, chequers_serial_rivers_small_b,
          chequers_serial_rivers_micro_a, chequers_serial_rivers_room_a
D:2:      layout_loops_cross, lemuel_coloured_pillars_altar, old_standard_altar
D:3:      layout_basic, grunt_temple_overflow_open,
          eat_drink_and_be_merry_uskayaw, kennysheep_generic_room_10,
          uniq_grinder
D:4:      minmay_octagon_keep, layout_loops_corners, minmay_misc_feat_iff,
          grunt_dithmenos_shadows
D:5:      layout_loops_ring, first_ration, hex_tiny, minmay_manual_monstrance

Skill      XL: |  1  2  3  4  5  6  7  8 |
---------------+-------------------------+-----
Stealth        | 1 2 3 4 5 |  5.0
Unarmed Combat | 1 2 3 |  3.2
Invocations    | 1 2 3 |  3.1
Polearms       | 3 |  3.9
Fighting       | 4 |  4.5
Dodging        | 4 |  4.5
Shields        | 4 |  4.6

Action                   |  1- 3 |  4- 6 |  7- 9 || total
-------------------------+-------+-------+-------++-------
Melee: Trident           |    39 |   138 |   105 ||   282
       Constrict         |     6 |    21 |    12 ||    39
       Tentacles         |     7 |    11 |    14 ||    32
       Kick              |       |    16 |    20 ||    36
       Punch             |       |     2 |     2 ||     4
  Use: Scroll            |       |     3 |       ||     3
       Potion            |       |     2 |     2 ||     4
 Stab: Sleeping          |     2 |    10 |     6 ||    18
       Distracted        |       |       |     1 ||     1
  Eat: Chunk             |       |     6 |     5 ||    11
Armor: Skin              |       |    21 |     7 ||    28
Dodge: Dodged            |    14 |    63 |    32 ||   109
Block: Kite shield       |     8 |    38 |    41 ||    87

Table legend:
 A = Non-vault XP
 B = Vault XP
 C = Vault XP percentage of total XP
 D = Non-vault monster count
 E = Vault monster count
 F = Vault count percentage of total count
                 A         B        C        D         E       F
            +---------+---------+-------+---------+---------+-------
      Total |     757 |     642 |  45.9 |      92 |       9 |   8.9
            +---------+---------+-------+---------+---------+-------
        D:1 |      36 |       0 |   0.0 |      20 |       0 |   0.0
        D:2 |     137 |       0 |   0.0 |      26 |       0 |   0.0
        D:3 |     241 |     269 |  52.7 |      24 |       2 |   7.7
        D:4 |     209 |     373 |  64.1 |      20 |       7 |  25.9
        D:5 |     134 |       0 |   0.0 |       2 |       0 |   0.0
            +---------+---------+-------+---------+---------+-------
